Map: Costas tropicales

Players

MrFercho

  • Race: Terran Terran
  • Spawn Location: 0:00

tigro

  • Race: Terran Terran
  • Spawn Location: 12:00

PapaSmurf

  • Race: Terran Terran
  • Spawn Location: 5:00

VOD

Have the link to the VOD?

Description

Time

  • Played on: July 6, 2019, 11:35 p.m.
  • Length: 20:29
Show
View Real Time Build Order
Export as new Build Order

MrFercho Terran 

Build Orders:  

Get SALT Encoding   

  12  0:01  SCV  
  13  0:16  Supply Depot  
  13  0:18  SCV  
  14  0:30  SCV  
  15  0:50  SCV  
  15  0:52  Barracks  
  16  1:01  Refinery  
  16  1:03  SCV  
  16  1:41  Marine  
  17  1:50  SCV  
  18  2:02  SCV  
  18  2:08  Reaper  
  20  2:15  SCV  
  21  2:21  Supply Depot  
  21  2:34  Refinery  
  21  2:35  SCV  
  22  2:47  SCV  
  23  2:51  Engineering Bay  
  17  3:28  SCV  
  16  3:40  SCV  
  16  3:52  SCV  
  17  4:04  SCV  
  17  4:25  Terran Infantry Armor Level 1  
  16  4:31  Barracks  
  13  4:57  SCV  
  14  5:04  Reaper  
  15  5:09  SCV  
  16  5:21  SCV  
  16  5:27  Factory  
  17  5:33  SCV  
  18  5:36  Reaper  
  19  5:51  Orbital Command  
  19  6:00  Barracks Tech Lab  
  19  6:08  Reaper  
  19  6:10  Factory  
  20  6:19  Terran Infantry Weapons Level 1  
  20  6:28  Armory  
  19  6:40  Reaper  
  19  6:41  Missile Turret  
  10  7:16  Refinery  
  7  7:45  Factory Tech Lab  
  7  7:51  SCV  
  8  8:03  SCV  
  9  8:15  SCV, Cyclone  
  13  8:22  Starport  
  13  8:25  Terran Infantry Armor Level 2  
  13  8:28  SCV  
  14  8:40  SCV  
  15  8:47  Cyclone  
  14  8:52  SCV  
  15  9:04  SCV  
  16  9:32  Thor  
  19  10:05  SCV  
  20  10:17  SCV  
  21  10:29  SCV  
  22  10:41  SCV  
  23  10:53  SCV  
  24  11:00  Marauder  
  24  11:01  Marine  
  27  11:05  Factory Tech Lab  
  27  11:07  Starport Tech Lab  
  27  11:19  Marine  
  27  11:22  Marauder  
  30  12:23  Supply Depot  
  30  12:45  Thor  
  30  12:47  Supply Depot  
  36  13:02  Barracks Tech Lab  
  35  13:21  Thor  
  35  13:25  Viking  
  43  13:55  Viking  
  28  16:51  Starport Tech Lab  
Show
View Real Time Build Order
Export as new Build Order

tigro Terran 

Build Orders:  

Get SALT Encoding   

  12  0:06  SCV  
  13  0:18  SCV  
  14  0:24  Supply Depot  
  14  0:30  SCV  
  15  0:41  Refinery  
  15  0:48  SCV, Refinery  
  16  1:00  SCV  
  17  1:12  SCV  
  17  1:13  Barracks  
  18  1:24  SCV  
  19  1:53  SCV  
  20  2:05  SCV  
  20  2:07  Engineering Bay  
  21  2:10  Reaper  
  22  2:37  Supply Depot  
  22  2:38  Terran Infantry Weapons Level 1  
  22  2:42  Reaper  
  23  3:14  Reaper  
  24  3:29  Command Center  
  24  3:46  Marine  
  25  4:04  Marine  
  26  4:20  Barracks  
  26  4:22  Marine  
  27  4:40  Marine  
  28  4:47  Missile Turret  
  28  4:57  Marine  
  29  5:23  Refinery  
  29  5:26  Planetary Fortress  
  29  5:27  Refinery  
  29  5:31  Orbital Command  
  29  5:35  Terran Infantry Armor Level 1  
  29  5:42  Barracks Tech Lab  
  29  5:46  Marine  
  30  6:04  Marine  
  30  6:09  SCV  
  32  6:18  Missile Turret  
  32  6:21  SCV  
  32  6:22  Marine  
  32  6:23  Combat Shield  
  34  6:33  SCV  
  34  6:39  Marine  
  35  6:45  SCV  
  37  6:57  Marine, SCV  
  35  7:29  Hi-Sec Auto Tracking, Missile Turret  
  35  7:42  Missile Turret  
  30  8:03  Stimpack  
  24  8:15  Missile Turret  
  23  8:26  Neosteel Armor  
  19  8:35  Missile Turret  
  19  8:39  Barracks Tech Lab  
  18  8:50  Marine  
  16  9:08  Marine  
  16  9:18  Missile Turret  
  15  9:26  Marine  
  9  9:43  Concussive Shells  
  9  9:44  Marine  
  10  9:49  SCV  
  11  10:01  SCV  
  11  10:02  Marauder  
  14  10:07  Refinery  
  14  10:13  SCV  
  14  10:21  Reaper  
  13  10:23  Marauder  
  13  10:25  SCV  
  16  10:38  SCV  
  17  10:45  Marauder  
  18  10:50  SCV  
  18  10:53  Reaper  
  20  11:06  Marauder  
  20  11:08  Missile Turret  
  17  11:25  Reaper  
  18  11:27  Marauder  
  18  11:37  Missile Turret  
  15  11:57  Reaper  
  16  12:19  Marauder  
  16  12:21  Missile Turret  
  11  12:41  Marauder  
  13  12:47  SCV  
  14  12:59  SCV  
  14  13:02  Marauder, Marine  
  18  13:11  SCV  
  19  13:20  Marine  
  19  13:23  Marauder  
  19  13:24  SCV  
  23  13:47  Marine  
  22  13:50  Marauder  
  19  14:05  Marine  
  10  14:19  Marauder  
  10  14:22  Marine  
  13  14:40  Marauder, Marine  
  13  14:42  SCV  
  17  14:54  SCV  
  17  14:58  Marine  
  19  15:01  Marauder  
  19  15:06  SCV  
  22  15:16  Marine  
  22  15:18  SCV  
  14  15:34  Marine  
  15  15:39  SCV  
  16  16:02  Marine  
  14  16:20  Marine  
  14  16:30  Barracks Tech Lab  
  14  16:38  Marine  
  15  16:56  Marine  
  15  17:13  Marine  
  15  17:14  SCV  
  17  17:31  Marine  
  1  18:47  Missile Turret  
  1  19:15  Command Center  
  3  19:23  Marine  
  2  19:40  Marine  
  3  19:58  Marine  
Show
View Real Time Build Order
Export as new Build Order

PapaSmurf Terran 

Build Orders: Reaper Expand 

Get SALT Encoding   

  12  0:14  SCV  
  13  0:23  Supply Depot  
  13  0:26  SCV  
  14  0:38  SCV  
  14  0:40  Refinery  
  15  0:49  Barracks  
  15  0:50  SCV  
  16  1:01  Refinery  
  16  1:03  SCV  
  17  1:15  SCV  
  18  1:41  SCV  
  19  1:51  Reaper  
  19  1:53  Command Center  
  20  2:04  Supply Depot  
  20  2:17  Orbital Command  
  20  2:35  Factory  
  20  2:38  Reaper  
  21  2:46  SCV  
  22  3:02  SCV  
  23  3:10  Reaper  
  24  3:14  SCV  
  25  3:28  Orbital Command  
  25  3:33  Factory Tech Lab  
  25  3:37  Starport  
  24  3:42  Reaper  
  25  3:51  SCV  
  25  3:53  Siege Tank  
  29  4:04  SCV  
  30  4:14  Reaper  
  31  4:18  Supply Depot  
  31  4:22  Starport Tech Lab  
  31  4:28  Siege Tank  
  34  4:31  SCV  
  34  4:32  SCV  
  36  4:39  Supply Depot  
  35  5:08  Banshee  
  35  5:10  Cloaking Field  
  38  5:14  Barracks Tech Lab  
  38  5:26  SCV  
  38  5:27  Ghost Academy, SCV  
  40  5:38  SCV  
  40  5:39  SCV  
  40  5:42  Siege Tank  
  45  5:45  Command Center  
  45  5:51  SCV  
  45  5:55  SCV  
  47  6:02  Refinery  
  47  6:03  Refinery, SCV  
  48  6:05  Personal Cloaking  
  48  6:14  Engineering Bay  
  48  6:21  SCV x2  
  49  6:29  Hyperflight Rotors  
  48  6:33  SCV x2  
  50  6:42  Banshee  
  50  6:44  Siege Tank  
  56  7:25  Banshee  
  59  7:34  Siege Tank  
  62  7:50  SCV x2  
  64  7:52  Orbital Command  
  64  8:00  Command Center  
  64  8:02  Nuke, SCV  
  64  8:03  SCV  
  66  8:06  Siege Tank  
  66  8:08  Banshee  
  72  8:30  Ghost  
  74  8:59  Ghost  
  70  10:25  Orbital Command  
  70  10:27  Refinery  
  70  10:33  Barracks x2  
  70  10:34  Barracks  
  62  10:36  Barracks  
  62  10:44  Ghost, Siege Tank  
  67  10:59  SCV x4  
  71  11:11  SCV x4  
  73  11:13  Ghost  
  77  11:42  Barracks Tech Lab x4, Ghost  
  77  11:43  Ghost Academy  
  77  11:44  Ghost Academy  
  77  11:46  Ghost Academy  
  76  12:10  Ghost  
  76  12:14  Ghost Academy  
  78  12:33  Ghost x4  
  86  12:51  Siege Tank  
  86  12:53  Medivac  
  85  13:52  Nuke x3  
  85  13:53  Nuke x2  
  85  13:55  Terran Infantry Weapons Level 1  
  72  14:47  Refinery  
  72  14:49  Command Center  
  72  14:52  Refinery  
  70  14:57  Command Center  
  70  14:59  Command Center, Refinery  
  70  15:00  Refinery x2  
  70  15:02  Refinery  
  70  15:26  Ghost x2  
  70  15:27  Ghost x3  
  78  15:49  Terran Infantry Armor Level 1, Banshee  
  81  15:55  Ghost x2  
  85  16:07  Siege Tank  
  88  16:12  Nuke  
  88  16:20  Orbital Command  
  80  16:31  Banshee  
  83  16:40  Command Center  
  83  16:45  Command Center  
  83  16:47  Command Center  
  83  16:48  Command Center  
  83  16:52  Ghost x2  
  87  16:59  Refinery  
  84  17:14  Banshee  
  70  17:38  Siege Tank  
  70  17:40  Nuke x4  
  70  17:43  Neosteel Armor  
  73  17:57  Banshee  
  76  18:03  Planetary Fortress  
  76  18:10  Planetary Fortress  
  79  18:17  Supply Depot x2  
  76  18:40  Banshee  
  79  19:14  Refinery x2  
  79  19:23  Hi-Sec Auto Tracking  
  79  19:30  Viking  
  81  19:41  Missile Turret x2  
  81  19:42  Missile Turret  
  81  19:43  Missile Turret  
  81  19:48  Missile Turret  
  81  19:50  Missile Turret  
  81  19:51  Missile Turret  
  81  19:52  Missile Turret x2  
  81  19:55  Missile Turret  
  81  19:57  Missile Turret  
  81  19:58  Missile Turret  
  81  19:59  Missile Turret  
  81  20:03  Missile Turret  
  83  20:12  Missile Turret  
  83  20:22  Factory  
Tags
 
Add a new tag
Caveats
  • Supply blocks, unpowered buildings, or Contaminate may cause inaccurate times.
  • Supply counts are checked every 10 seconds.